 Dungeon Crawl Stone Soup version 0.20-a0-214-gb74cb0e (webtiles) character file.

392 KristoblXynda the Slasher (level 6, 0/51 HPs)
             Began as a Draconian Fighter on Nov 27, 2016.
             Was a Follower of Cheibriados.
             Slain by Robin
             ... wielding a +1 dagger of draining
              (3 damage)
             ... on level 4 of the Dungeon.
             The game lasted 00:07:05 (2849 turns).

KristoblXynda the Slasher (Draconian Fighter)       Turns: 2849, Time: 00:07:06

Health: 0/51       AC:  6    Str: 18 (20) XL:     6   Next: 50%
Magic:  6/6        EV: 10    Int: 11 (13) God:    Cheibriados [*.....]
Gold:   188        SH:  9    Dex:  8 (10) Spells: 5/5 levels left

rFire  . . .     SeeInvis .     a - +0 long sword
rCold  . . .     Gourm    .     (armour unavailable)
rNeg   . . .     Faith    .     b - +1 shield
rPois  .         Spirit   .     (helmet restricted)
rElec  .         Reflect  .     (no cloak)
rCorr  .         Harm     .     (no gloves)
MR     .....                    (no boots)
Stlth  +.........               (no amulet)
                                (no ring)
                                (no ring)

@: very slightly contaminated, heavily drained, invisible, very slow
A: unfitting armour, blurry vision 1, clumsy 1, cold-blooded, MP-powered wands,
AC +6
a: Bend Time, Renounce Religion


You were on level 4 of the Dungeon.
You worshipped Cheibriados.
Cheibriados was aware of your devotion.
You were not hungry.

You visited 1 branch of the dungeon, and saw 4 of its levels.

You collected 188 gold pieces.

Inventory:

Hand Weapons
 a - a +0 long sword (weapon)
Armour
 b - a +1 shield (worn)
Scrolls
 e - 4 scrolls of remove curse
 k - 2 scrolls of fog
Potions
 i - a potion of flight
 p - 2 potions of brilliance
Comestibles
 d - 4 bread rations
 u - a royal jelly


   Skills:
 - Level 3.2(1.7) Fighting
 + Level 4.6(3.1) Long Blades
 + Level 4.4(2.8) Dodging
 + Level 4.5(2.9) Shields


You had 5 spell levels left.
You didn't know any spells.

Dungeon Overview and Level Annotations

Branches:
Dungeon (4/15)
 Temple: D:4-7

Altars:
Cheibriados
Fedhas
Kikubaaqudgha
Nemelex Xobeh
Trog

Annotations:
D:4 Robin


Innate Abilities, Weirdness & Mutations

Your plain brown scales are hard. (AC +6)
You cannot fit into any form of body armour.
You are cold-blooded and may be slowed by cold attacks.
Scrolls take you a little longer to read.
You are clumsy. (Dex -2)
You expend magic power (3 MP) to strengthen your wands.


Message History

You kill the orc wizard!
Cheibriados thoroughly appreciates the change of pace.
You block the hobgoblin's attack. x2; Robin barely misses you.
You riposte.
You hit Robin.
Robin is moderately wounded.
You slash Robin!
Robin is severely wounded.
You block the hobgoblin's attack.
Robin roars a battlecry!
The hobgoblins go into a battle-frenzy!
You hear a shout!
Unknown command.
You catch the helpless Robin completely off-guard!
You hit Robin but do no damage.
Robin is severely wounded.
You block the hobgoblin's attack. The hobgoblin barely misses you.
You riposte.
You hit the hobgoblin.
The hobgoblin is almost dead.
Robin hits you with a dagger of draining.
You die...

.. #####.oo.
#g§§...# #g# #
#@#.# #g#.#
#########§§.#
##.....#.[..##
...........###
###......###
##....##
#$...# #$...#


You could see Robin and 2 hobgoblins.

Vanquished Creatures
  The ghost of KristoblXynda the Ducker, an amateur SpFi (D:4)
  2 orc wizards (D:4)
  An iguana (D:3)
  4 adders
  An ooze (D:4)
  An adder skeleton (D:4)
  A worm (D:3)
  6 dart slugs
  6 leopard geckos
  An orc (D:4)
  6 bats
  2 giant cockroaches
  12 hobgoblins
  9 jackals
  7 kobolds
  2 quokkas (D:3)
  2 ball pythons
  6 frilled lizards
  11 goblins
  7 rats
88 creatures vanquished.

Notes
Turn   | Place    | Note
-------+----------+-------------------------------------------
     0 | D:1      | KristoblXynda the Draconian Fighter began the quest for the Orb.
     0 | D:1      | Reached XP level 1. HP: 19/19 MP: 1/1
   430 | D:1      | Reached XP level 2. HP: 20/26 MP: 2/2
   645 | D:1      | Reached XP level 3. HP: 24/31 MP: 3/3
  1440 | D:2      | Found a blossoming altar of Fedhas.
  1441 | D:2      | Found an ancient bone altar of Kikubaaqudgha.
  1498 | D:2      | Found a bloodstained altar of Trog.
  1518 | D:2      | Reached XP level 4. HP: 35/38 MP: 4/4
  1530 | D:2      | Found a sparkling altar of Nemelex Xobeh.
  1598 | D:2      | Found a snail-covered altar of Cheibriados.
  1605 | D:2      | Became a worshipper of Cheibriados the Contemplative
  2361 | D:3      | Reached XP level 5. HP: 36/45 MP: 5/5
  2612 | D:4      | Noticed KristoblXynda's ghost (amateur SpFi)
  2661 | D:4      | Killed KristoblXynda's ghost
  2661 | D:4      | Reached * piety under Cheibriados
  2661 | D:4      | Reached XP level 6. HP: 34/51 MP: 6/6
  2722 | D:4      | Noticed Robin
  2841 | D:4      | Gained mutation: Scrolls take you a little longer to read. [potion of mutation]
  2841 | D:4      | Gained mutation: You expend magic power (3 MP) to strengthen your wands. [potion of mutation]
  2841 | D:4      | Gained mutation: You are clumsy. (Dex -2) [potion of mutation]
  2845 | D:4      | HP: 2/51 [orc wizard/dagger (2)]
  2849 | D:4      | Slain by Robin

Vault maps used:
D:1:      lightli_arrival_lavapool
D:2:      grunt_temple_overflow_growth_and_decay, cheibriados_altar_1,
          lemuel_round_altar, first_bread, trog_three_pillars_becter
D:3:      minmay_diamond_boxcup
D:4:      dancing_weapons_uskayaw, nicolae_overflow_crystal_walls, uniq_robin,
          uniq_duvessa, uniq_menkaure

Skill      XL: |  1  2  3  4  5 |
---------------+----------------+-----
Dodging        | 3 4 |  4.4
Long Blades    | 3 4 |  4.6
Shields        | 4 |  4.5
Fighting       | |  3.2

Action                   |  1- 3 |  4- 6 || total
-------------------------+-------+-------++-------
Melee: Long sword        |   134 |   150 ||   284
       Tailslap          |    12 |    27 ||    39
  Use: Scroll            |     1 |    11 ||    12
       Potion            |       |     7 ||     7
 Stab: Sleeping          |       |     2 ||     2
       Invisible         |       |     2 ||     2
  Eat: Chunk             |     2 |     3 ||     5
       Beef jerky        |       |     1 ||     1
Armor: Skin              |    42 |    44 ||    86
Dodge: Dodged            |    75 |    94 ||   169
Block: Shield            |    90 |   105 ||   195
       Rpst.: Long sword |    20 |    38 ||    58
